AoeStats
← RedPhosphoru

Arabian Desert

510231188Analyzed
1v1 RM · 1d ago on Sep 30, 2026· 37m 35s· 2 players
Game mode
Random Map
Map size
Tiny (2 player)
Population
200
Speed
Normal
Resources
Standard
Victory
Conquest
Starting age
Dark Age
Ending age
Imperial Age
RankedLock teamsTeams togetherTeam positionsShared explorationLock speedFull tech treeHidden civsTurbo modeCheats
Victory
Defeat
🇺🇸 Jurchens · United States
2361
+22
🇻🇳 Tupi · Vietnam
2488
-22
RedPhosphoru
8:17 Loom
10:03 Feudal Age
14:06 Castle Age
12:21 Double-Bit Axe
13:53 Gold Mining
15:39 Bow Saw
20:02 Bow Saw
20:56 Siege Engineers
23:01 Padded Archer Armor
24:22 Leather Archer Armor
25:40 Bow Saw
Hoanginator
10:24 Feudal Age
10:07 Loom
13:52 Castle Age
12:20 Double-Bit Axe
13:46 Gold Mining
15:29 Bow Saw
16:22 Fletching
19:10 Horse Collar
20:06 Bodkin Arrow
22:54 Ballistics
35:27 Imperial Age
36:11 Bracer
Connection lost

Rejoining the realm…

Still unreachable

The connection could not be restored.

Session expired

The server has moved on; the page needs a fresh start.